AoeStats
← Wejwy

Enclosed

506655539Analyzed
1v1 RM · 19d ago on Sep 14, 2026· 56m 33s· 2 players
Game mode
Random Map
Map size
Tiny (2 player)
Population
200
Speed
Normal
Resources
Standard
Victory
Conquest
Starting age
Dark Age
Ending age
Imperial Age
RankedLock teamsTeams togetherTeam positionsShared explorationLock speedFull tech treeHidden civsTurbo modeCheats
Victory
Defeat
🇩🇪 Hindustanis · Germany
1018
+16
🇨🇿 Portuguese · Czechia
1022
-16
Zig-Zag
7:41 Loom
10:01 Feudal Age
10:49 Double-Bit Axe
12:59 Horse Collar
14:52 Fletching
21:49 Castle Age
21:57 Gold Mining
22:48 Bloodlines
23:04 Scale Barding Armor
23:23 Heavy Plow
24:28 Husbandry
26:58 Chain Barding Armor
28:17 Wheelbarrow
28:45 Forging
30:51 Town Watch
32:42 Bodkin Arrow
33:17 Bow Saw
34:31 Scale Mail Armor
37:33 Imperial Age
35:29 Chain Mail Armor
36:26 Iron Casting
36:21 Squires
39:21 Conscription
38:22 Elite Ghulam
40:21 Blast Furnace
41:27 Heavy Camel Rider
43:46 Plate Barding Armor
43:02 Imperial Camel Rider
46:46 Chemistry
45:52 Siege Engineers
Wejwy
8:27 Loom
10:47 Feudal Age
11:22 Double-Bit Axe
14:26 Horse Collar
17:49 Castle Age
16:48 Fletching
16:59 Padded Archer Armor
19:06 Bow Saw
19:58 Gold Mining
21:30 Wheelbarrow
20:41 Town Watch
22:03 Elite Skirmisher
22:47 Stone Mining
24:57 Pikeman
29:58 Scale Mail Armor
30:18 Forging
31:01 Chain Mail Armor
31:52 Stone Shaft Mining
31:08 Gambesons
32:53 Iron Casting
32:13 Bodkin Arrow
32:48 Hand Cart
34:12 Leather Archer Armor
34:04 Scale Barding Armor
36:23 Town Patrol
39:32 Imperial Age
37:50 Heavy Plow
40:06 Chain Barding Armor
39:57 Husbandry
42:14 Halberdier
43:26 Conscription
45:07 Two-Man Saw
44:16 Elite Organ Gun
46:10 Bracer
45:59 Arson
48:34 Arquebus
52:23 Plate Mail Armor
54:37 Blast Furnace
Connection lost

Rejoining the realm…

Still unreachable

The connection could not be restored.

Session expired

The server has moved on; the page needs a fresh start.